 Dungeon Crawl Stone Soup version 0.27-a0-1158-gaa87e14f67 (webtiles) character file.

Game seed: 52731078326132816

3273 manthas the Spear-Bearer (level 9, 74/74 HPs)
             Began as a Minotaur Berserker on Aug 23, 2020.
             Was a High Priest of Trog.
             Quit the game on level 7 of the Dungeon on May 15, 2021.
             The game lasted 00:25:45 (7579 turns).

manthas the Spear-Bearer (Minotaur Berserker)       Turns: 7579, Time: 00:25:46

Health: 74/74      AC: 13    Str: 26    XL:     9   Next: 68%
Magic:  8/8        EV:  7    Int:  4    God:    Trog [*****.]
Gold:   317        SH:  0    Dex:  9    Spells: 8/8 levels left

rFire    . . .     SeeInvis .   z - +2 halberd
rCold    . . .     Faith    .   (shield currently unavailable)
rNeg     + . .     Spirit   .   f - +0 plate armour
rPois    .         Reflect  .   (helmet restricted)
rElec    .         Harm     .   (no cloak)
rCorr    .         Rampage  .   x - +0 pair of gloves
Will     .....                  (no boots)
Stlth    ..........             (no amulet)
HPRegen  0.22/turn              e - ring of positive energy
MPRegen  0.11/turn              r - ring of flight

@: no status effects
A: horns 2, retaliatory headbutt
a: Renounce Religion, Berserk, Trog's Hand, Brothers in Arms


You were on level 7 of the Dungeon.
You worshipped Trog.
Trog was extremely pleased with you.
You visited 1 branch of the dungeon, and saw 8 of its levels.
You also visited: Sewer.

You collected 317 gold pieces.

Inventory:

Hand Weapons
 y - a +0 trident
 z - a +2 halberd (weapon)
 C - a +3 spear
Missiles
 c - 228 stones (quivered)
Armour
 a - +0 steam dragon scales
 d - the +0 ring mail "Misus" {rF+ Int+4 Dex+6}
   (You found it in a sewer)

   It affects your intelligence (+4).
   It affects your dexterity (+6).
   It protects you from fire.
 f - a +0 plate armour (worn)
 x - a +0 pair of gloves (worn)
Jewellery
 e - a ring of positive energy (left hand)
 r - a ring of flight (right hand)
 A - an amulet of regeneration {unknown}
Wands
 o - a wand of iceblast (17)
 B - a wand of paralysis (8)
Scrolls
 b - 3 scrolls of enchant armour {unknown}
 g - 5 scrolls of identify {unknown}
 i - 3 scrolls of immolation {unknown}
 l - 7 scrolls of removedness
 m - 4 scrolls of blinking {unknown}
 s - 5 scrolls of amnesia {unknown}
 w - 2 scrolls of teleportation {unknown}
Potions
 h - 2 potions of curing {unknown}
 j - a potion of attraction {unknown}
 k - 3 potions of resistance {unknown}
 n - 2 potions of mutation {unknown}
 p - 2 potions of brilliance {unknown}
 q - a potion of cancellation {unknown}
 t - 2 potions of haste {unknown}
 u - 3 potions of ambrosia {unknown}
 v - a potion of heal wounds {unknown}


   Skills:
 + Level 5.2 Fighting
 * Level 14.6 Polearms
 - Level 0.5 Throwing
 + Level 5.0 Armour
 - Level 2.3 Dodging
 - Level 0.5 Unarmed Combat
 + Level 0.2 Spellcasting
 + Level 0.9 Evocations


You had 8 spell levels left.
You didn't know any spells.
Your spell library was empty.

Dungeon Overview and Level Annotations

Branches:
Dungeon (8/15)             Temple (0/1) D:7           Sewer (visited)
   Lair: D:8-11

Altars:
Fedhas
Hepliaklqana
Trog

Shops:
D:6 (


Innate Abilities, Weirdness & Mutations

You have a pair of horns on your head.
You reflexively headbutt those who attack you in melee.


Message History

The killer bee stings you. The jelly hits you. The acid corrodes you!
You are splashed with acid.
You puncture the killer bee!
You kill the killer bee!
Trog accepts your kill.
Your Armour skill increases to level 5!
The jelly hits you but does no damage.
You puncture the jelly!
Your hands burn!
The jelly is heavily wounded.
You are too injured to fight recklessly!
You are too injured to fight recklessly!
You are too injured to fight recklessly!
You are too injured to fight recklessly!
You are too injured to fight recklessly!
You impale the jelly!!
You kill the jelly!
Trog accepts your kill.
There is a stone staircase leading up here.
You climb upwards.
You are no longer corroded.
There is a stone staircase leading down here.
You start resting.
HP restored.
Save game and exit?
Welcome back, manthas the Minotaur Berserker.
Trog says: Kill them all!
Press ? for a list of commands and other information.
Save game and exit?
Welcome back, manthas the Minotaur Berserker.
Trog says: Kill them all!
Press ? for a list of commands and other information.
Saving game... please wait.
Welcome back, manthas the Minotaur Berserker.
Trog says: Kill them all!
Press ? for a list of commands and other information.
Are you sure you want to abandon this character and quit the game? (Confirm with "yes".)

#####..## ##.....
#.......####......
#.##......))......
#.###...####......
#.# #...# ##.....
#.###.#.## ##....
#........# ##...
#.###.#..### ##+#
#@###.#..#.## #.#
#.........#.## #.#
#.###....###.###.#
#.# ####..#.###...
#.# #.#†###....
#.######.#.###....
#........#........
##############.###
#....


There were no monsters in sight!

Vanquished Creatures
  A removed hippogriff (D:7)
  A black bear (D:7)
  4 orc warriors
  A sky beast (D:5)
  3 ogres
  3 bullfrogs
  A kobold brigand (D:7)
  4 killer bees (D:8)
  A water moccasin skeleton (D:7)
  8 wights
  7 hounds
  4 orc priests
  A centaur zombie (D:5)
  2 jellies
  2 bullfrog skeletons
  An iguana (D:7)
  9 orc wizards
  4 removed worker ants
  3 hound skeletons
  4 gnolls (D:6)
  7 adders
  A white imp (D:5)
  An ufetubus (D:7)
  15 endoplasms
  2 adder skeletons
  4 worms
  4 dart slugs
  33 orcs
  22 removed leopard geckos
  13 ball pythons
  7 bats
  14 giant cockroaches
  6 goblins
  5 hobgoblins
  8 jackals
  15 kobolds
  2 quokkas
  17 frilled lizards
  A jackal skeleton (D:5)
  2 quokka skeletons
  10 rats
  A removed leopard gecko zombie (D:7)
254 creatures vanquished.

Vanquished Creatures (collateral kills)
  Maggie (D:7)
1 creature vanquished.

Vanquished Creatures (others)
  An orc wizard (D:7)
1 creature vanquished.

Grand Total: 256 creatures vanquished

Notes
Turn   | Place    | Note
-------+----------+-------------------------------------------
     0 | D:1      | manthas the Minotaur Berserker began the quest for the Orb.
     0 | D:1      | Reached XP level 1. HP: 19/19 MP: 0/0
   130 | D:1      | HP: 1/20 [dart slug/slug dart (6)]
   660 | D:1      | Reached XP level 2. HP: 25/27 MP: 1/1
   693 | D:1      | Reached skill level 4 in Polearms
  1140 | D:1      | Reached XP level 3. HP: 33/33 MP: 2/2
  1149 | D:1      | Reached ** piety under Trog
  1482 | D:1      | Reached skill level 5 in Polearms
  1805 | D:2      | Found a blossoming altar of Fedhas.
  1805 | D:2      | Found a bloodstained altar of Trog.
  1968 | D:2      | Found a hazy altar of Hepliaklqana.
  1986 | D:2      | Reached XP level 4. HP: 19/40 MP: 3/3
  2293 | D:2      | Found a blossoming altar of Fedhas.
  2731 | D:3      | Reached skill level 6 in Polearms
  3053 | D:3      | Reached XP level 5. HP: 46/46 MP: 4/4
  3244 | D:3      | Reached skill level 7 in Polearms
  3253 | D:3      | Reached *** piety under Trog
  3348 | D:3      | You fall into a shaft and drop 2 floors!
  3348 | D:5      | Entered Level 5 of the Dungeon
  3424 | D:5      | Noticed a sky beast
  3444 | D:5      | Killed a sky beast
  3444 | D:5      | Reached skill level 8 in Polearms
  3444 | D:5      | Reached XP level 6. HP: 45/52 MP: 5/5
  3599 | D:4      | Found a glowing drain.
  3609 | Sewer    | Entered a sewer
  3846 | Sewer    | Reached **** piety under Trog
  3991 | Sewer    | Reached skill level 9 in Polearms
  4091 | Sewer    | Reached XP level 7. HP: 59/59 MP: 6/6
  4108 | Sewer    | Reached ***** piety under Trog
  4137 | Sewer    | Got a faintly glowing ring mail
  4147 | Sewer    | Identified the cursed +0 ring mail "Misus" {rF+ Int+4
                  | Dex+6} (You found it in a sewer)
  4234 | D:4      | Reached skill level 10 in Polearms
  4810 | D:5      | Reached skill level 11 in Polearms
  5241 | D:6      | Found Jeucrahiu's Weapon Shoppe.
  5289 | D:6      | Reached XP level 8. HP: 66/66 MP: 7/7
  5515 | D:6      | Reached skill level 12 in Polearms
  5625 | D:6      | Received a gift from Trog
  6223 | D:7      | Reached skill level 13 in Polearms
  6287 | D:7      | Noticed a hippogriff
  6292 | D:7      | Killed a hippogriff
  6292 | D:7      | Reached XP level 9. HP: 63/72 MP: 8/8
  7006 | D:7      | Reached skill level 14 in Polearms
  7031 | D:7      | Reached skill level 5 in Fighting
  7050 | D:7      | Found a staircase to the Ecumenical Temple.
  7141 | D:7      | Noticed Maggie
  7153 | D:7      | Killed Maggie
  7411 | D:8      | Reached skill level 5 in Armour
  7579 | D:7      | Upgraded the game from 0.26-a0-579-g3afe4966bf to
                  | 0.27-a0-1158-gaa87e14f67
  7579 | D:7      | Quit the game

Illustrated notes

Levels and vault maps discovered:
D:1:      lightli_arrival_lavapool, layout_basic, chequers_serial_rivers_room_a
D:2:      layout_loops_ring, amethyst_overflow_temple_binary,
          old_standard_altar, fedhas_altar_2
D:3:      layout_rooms, minmay_misc_feat_hallway
D:4:      layout_rooms, grunt_gozag_breadcrumbs,
          gammafunk_temple_overflow_forgotten, cheibrodos_sewer_entry_sluice,
          uniq_edmund, uniq_crazy_yiuf_cottage
D:5:      layout_basic
D:6:      layout_loops_ring, serial_shops, nicolae_shop_trees
D:7:      layout_loops_corners, minmay_temple_entry_enclosed_plants,
          kennysheep_nondescript, uniq_maggie
D:8:      layout_basic, serial_shops, nicolae_shop_crystal, shop, shop_statue,
          shop, shop, kennysheep_generic_room_7

Skill      XL: |  1  2  3  4  5  6  7  8  9 |
---------------+----------------------------+-----
Fighting       | 4 5 |  5.2
Polearms       | 4 5 6 8 9 11 13 14 | 14.6
Armour         | 3 5 |  5.0
Throwing       | |  0.5
Dodging        | |  2.3
Unarmed Combat | |  0.5
Spellcasting   | |  0.2
Evocations     | |  0.9

Action                   |  1- 3 |  4- 6 |  7- 9 || total
-------------------------+-------+-------+-------++-------
Melee: Spear             |   108 |   376 |   224 ||   708
       Headbutt          |    15 |    48 |    56 ||   119
       Trident           |       |       |    31 ||    31
       Halberd           |       |       |   133 ||   133
Invok: Berserk           |       |     1 |     4 ||     5
       Trog's Hand       |       |     1 |     3 ||     4
       Brothers in Arms  |       |       |     1 ||     1
  Use: Scroll            |       |       |     1 ||     1
 Stab: Distracted        |       |       |     1 ||     1
Armor: Animal skin       |     6 |       |       ||     6
       Plate armour      |    11 |   142 |   128 ||   281
       Ring mail         |     2 |       |       ||     2
Dodge: Dodged            |    50 |   103 |    76 ||   229

Table legend: (Time is in decaauts)
 A = Elapsed time spent in this place.
 B = Non-inter-level travel time spent in this place.
 C = Inter-level travel time spent in this place.
 D = Time resting spent in this place.
 E = Time spent auto-exploring this place.
 F = Levels seen in this place.
 G = Mean time per level.
                   A        B        C        D        E       F      G
               +--------+--------+--------+--------+--------+-----+--------+
         Total |   7444 |   7267 |    177 |   1625 |   3921 |   9 |  827.1 |
       Dungeon |   6892 |   6715 |    177 |   1595 |   3710 |   8 |  861.5 |
         Sewer |    551 |    551 |      0 |     30 |    210 |   1 |  551.0 |
               +--------+--------+--------+--------+--------+-----+--------+

Top non-repeatable levels by time:
     D:1: 1789 daAuts
     D:7: 1359 daAuts
     D:2: 1150 daAuts
     D:5: 933 daAuts
     D:6: 880 daAuts
     D:3: 617 daAuts
   Sewer: 551 daAuts
     D:4: 128 daAuts
     D:8: 33 daAuts
